 Dungeon Crawl Stone Soup version 0.31.0-11-ge490571c62 (webtiles) character file.

Game seed: 4340434713961221074

102 RancidPinata the Sneak (level 4, -1/29 HPs)
             Began as a Gargoyle Delver on Jan 26, 2024.
             Incinerated by a bombardier beetle (4 damage)
             ... with a burning spray
             ... on level 5 of the Dungeon.
             The game lasted 00:02:28 (575 turns).

RancidPinata the Sneak (Gargoyle Delver)             Turns: 575, Time: 00:02:28

Health: -1/29      AC:  6    Str: 17    XL:     4   Next: 78%
Magic:  4/4        EV: 11    Int: 11    God:
Gold:   27         SH:  0    Dex: 11    Spells: 3/3 levels left

rFire   . . .        m - +0 flail
rCold   . . .        (no shield)
rNeg    + . .        b - +0 leather armour
rPois   ∞            (no helmet)
rElec   +            (no cloak)
rCorr   .            (no gloves)
SInv    .            (no boots)
Will    .....        (no amulet)
Stlth   +            (no ring)
HPRegen 0.24/turn    (no ring)
MPRegen 0.09/turn

%: no passive effects
@: on fire, glowing
A: sickness immunity, AC +3, negative energy resistance 1, electricity
resistance, torment resistance 1, petrification resistance
a: no special abilities


You were on level 5 of the Dungeon.
You visited 1 branch of the dungeon, and saw 2 of its levels.

You collected 27 gold pieces.

Inventory:

Hand Weapons
 m - a +0 flail (weapon)
Armour
 b - a +0 leather armour (worn)
Wands
 g - a wand of digging (3)
Scrolls
 c - a scroll of fog
 d - a scroll of revelation
 e - a scroll of fear
 j - a scroll of vulnerability {unknown}
 k - a scroll of poison {unknown}
Potions
 f - a potion of haste
 h - a potion of brilliance {unknown}
 i - a potion of curing {unknown}
 l - a potion of degeneration {unknown}


   Skills:
 * Level 4.1 Fighting
 + Level 2.5 Maces & Flails
 * Level 2.2 Armour
 + Level 2.0 Dodging
 + Level 5.8 Stealth


You had 3 spell levels left.
You didn't know any spells.
Your spell library contained the following spells:

 Spells                   Type           Power      Damage    Failure   Level
 Summon Forest            Summ/Tloc      0%         N/A       100%        5
 Eringya's Noxious Bog    Alch           0%         4d6       100%        6
 Summon Hydra             Summ           0%         N/A       100%        7


Dungeon Overview and Level Annotations

Branches:
Dungeon (6/15)
 Temple: D:4-7

Altars:


Innate Abilities, Weirdness & Mutations

You are immune to sickness and miasma.
Your stone body is resilient. (AC +3)
You are immune to poison.
You resist negative energy. (rN+)
You are resistant to electric shocks. (rElec)
You are resistant to unholy torment.
You are immune to petrification.


Message History

m - a +0 flail Setting a skill training target for Maces & Flails at 14.0.
m - a +0 flail (weapon)
You drop a +0 mace.
A bombardier beetle comes into view.
The bombardier beetle completely misses you.
You hit the bombardier beetle.
The bombardier beetle is moderately wounded.
You hit the bombardier beetle.
The bombardier beetle is heavily wounded.
The bombardier beetle sprays incendiary fluid at you.
The burning spray hits you.
You are covered in liquid fire!
You hit the bombardier beetle.
The bombardier beetle is severely wounded.
The liquid fire burns you!
The bombardier beetle sprays incendiary fluid at you.
The burning spray hits you.
You are even more covered in liquid fire!
You hit the bombardier beetle.
The bombardier beetle is severely wounded.
The liquid fire burns you!
The bombardier beetle sprays incendiary fluid at you.
The burning spray hits you.
You are even more covered in liquid fire!
You barely miss the bombardier beetle.
The bombardier beetle is severely wounded.
The liquid fire burns you! The bombardier beetle bites you.
You barely miss the bombardier beetle.
The bombardier beetle is severely wounded.
The liquid fire burns you!
You sock the bombardier beetle!
You kill the bombardier beetle!
The liquid fire burns you!
* * * LOW HITPOINT WARNING * * *
You are on fire!
You shake off some of the fire as you move.
The liquid fire burns you!
You die...

........#.#
#.#.#.#
#######.#.#
#.#.#.#
#######.#.#
#.#.#.#
......#.#.#
#.#.#.#
......#.#.#
#.#.#.#######
#######.#.#
#............
........#.# #
###.#.#######
#########.#
#.###.#)# #
##.###...@.#.#
.#
##.......####.#
..# #...###.##
#.# #..####.#.#
#. #.#
##....#.#.###.#
#.# #
#...#...... #..
##.>..## #..
####.# #.#


There were no monsters in sight!

Vanquished Creatures
  A howler monkey (D:5)
  A bombardier beetle (D:5)
  A sleepcap (D:5)
  A dart slug (D:5)
  An orc (D:5)
5 creatures vanquished.

Notes
Turn   | Place    | Note
-------+----------+-------------------------------------------
     0 | D:5      | RancidPinata the Gargoyle Delver began the quest for the
                  | Orb.
     0 | D:5      | Reached XP level 1. HP: 14/14 MP: 1/1
    18 | D:6      | Noticed an ogre
    73 | D:5      | Noticed a sleepcap
    84 | D:5      | Killed a sleepcap
    85 | D:5      | Reached skill level 1 in Armour
    85 | D:5      | Reached XP level 2. HP: 2/20 MP: 2/2
    85 | D:5      | Reached XP level 3. HP: 2/24 MP: 3/3
   361 | D:5      | Noticed a black bear
   429 | D:6      | Noticed a scorpion
   450 | D:5      | Reached XP level 4. HP: 12/29 MP: 4/4
   575 | D:5      | Incinerated by a bombardier beetle

Illustrated notes

Levels and vault maps discovered:
D:5:      layout_basic, nicolae_shop_self_help
D:6:      layout_gridville, amcnicky_altar_gilded

Skill      XL: |  1  2  3 |
---------------+----------+-----
Armour         | 1 2 |  2.2
Fighting       | 4 |  4.1
Dodging        | 2 |  2.0
Maces & Flails | |  2.5
Stealth        | |  5.8

Action                     |  1- 3 |  4- 6 || total
---------------------------+-------+-------++-------
  Melee: Mace              |    24 |       ||    24
         Punch             |     1 |       ||     1
         Flail             |       |     7 ||     7
   Stab: Sleeping          |     3 |       ||     3
 Armour: Leather armour    |    16 |     1 ||    17
  Dodge: Dodged            |    10 |     1 ||    11
